 Dungeon Crawl Stone Soup version 0.21-a0-450-gd87a9b2 (webtiles) character file.

10082 mortelune the Cleaver (level 11, -12/156 (157) HPs)
             Began as a Minotaur Berserker on Nov 18, 2017.
             Was an Elder of Trog.
             Mangled by an orc knight
             ... wielding a +0 bardiche
              (16 damage)
             ... on level 11 of the Dungeon.
             The game lasted 00:37:48 (10305 turns).

mortelune the Cleaver (Minotaur Berserker)         Turns: 10305, Time: 00:37:48

HP:   -12/156 (157) AC: 16    Str: 31    XL:     11   Next: 31%
MP:   0/3           EV: 12    Int:  4    God:    Trog [****..]
Gold: 696           SH:  0    Dex: 11    Spells: 10/10 levels left

rFire    . . .     SeeInvis .   H - +6 broad axe (antimagic)
rCold    . . .     Gourm    .   (no shield)
rNeg     . . .     Faith    .   X - +0 plate armour
rPois    +         Spirit   +   (helmet restricted)
rElec    .         Reflect  .   i - +0 cloak
rCorr    .         Harm     .   (no gloves)
MR       .....     Rnd*Rage +   x - +0 pair of boots
Stlth    ..........             U - amulet of guardian spirit
HPRegen  0.36/turn              j - ring of poison resistance
MPRegen  0.08/turn              s - +3 ring of evasion

@: berserking (expiring), very quick
A: retaliatory headbutt, hooves 1, horns 2, thin skeletal structure 1, berserk
1, wild magic 1
a: Berserk, Trog's Hand, Brothers in Arms, Burn Spellbooks, Renounce Religion


You were on level 11 of the Dungeon.
You worshipped Trog.
Trog was greatly pleased with you.
You were very hungry.

You visited 1 branch of the dungeon, and saw 12 of its levels.

You collected 696 gold pieces.

Inventory:

Hand Weapons
 a - a +0 hand axe
 F - a +4 hand axe
 H - a +6 antimagic broad axe (weapon)
 N - a +0 battleaxe
Missiles
 Q - a throwing net (quivered)
Armour
 b - a +0 animal skin
 i - a +0 cloak (worn)
 l - a +0 ring mail
 x - a +0 pair of boots (worn)
 y - a +0 chain mail
 X - a +0 plate armour (worn)
Jewellery
 j - a ring of poison resistance (left hand)
 n - an uncursed ring of fire
 s - a +3 ring of evasion (right hand)
 K - a -2 ring of dexterity
 P - an uncursed amulet of magic regeneration
 S - an uncursed ring of protection from cold
 U - an amulet of guardian spirit (around neck)
Wands
 r - a wand of polymorph (24/24)
 M - a wand of digging (11/24)
Scrolls
 d - 5 scrolls of teleportation
 e - 3 scrolls of magic mapping
 f - 4 scrolls of enchant weapon
 g - 8 scrolls of remove curse
 k - a scroll of random uselessness {unknown}
 o - 2 scrolls of recharging
 q - 2 scrolls of fog
 z - a scroll of enchant armour {unknown}
 A - a scroll of noise
 E - a scroll of silence {unknown}
 J - a scroll of torment {unknown}
 T - a scroll of vulnerability {unknown}
 W - a scroll of acquirement {unknown}
Potions
 m - 2 potions of resistance
 p - a potion of might
 u - a potion of berserk rage
 v - 3 potions of heal wounds
 B - a potion of ambrosia {unknown}
 C - 2 potions of brilliance
 D - a potion of haste
 G - a potion of flight {unknown}
 I - a potion of magic {unknown}
 O - 2 potions of curing {unknown}
 V - a potion of degeneration {unknown}
Miscellaneous
 L - a lamp of fire
 R - a sack of spiders
Comestibles
 c - 8 bread rations
 h - 4 meat rations
 t - 2 royal jellies
 w - 2 fruits


   Skills:
 + Level 12.6 Fighting
 * Level 14.8 Axes
 + Level 9.0 Armour
 - Level 2.1 Dodging


You had 10 spell levels left.
You didn't know any spells.

Dungeon Overview and Level Annotations

Branches:
Dungeon (12/15)            Temple (0/1) D:5
   Lair: D:8-11         Orc: D:9-12

Altars:
Ashenzari
Dithmenos
Gozag
Kikubaaqudgha
Okawaru
Qazlal
Ru
Vehumet
Wu Jian
Xom
Yredelemnul
The Shining One

Annotations:
D:4 exclusion: statue
D:5 5 runed doors


Innate Abilities, Weirdness & Mutations

You reflexively headbutt those who attack you in melee.
You have a pair of horns on your head.
You have large cloven feet.
You have a somewhat thin skeletal structure. (Dex +2, Stealth)
You tend to lose your temper in combat.
Your spells are a little harder to cast, but a little more powerful.


Message History

The orc knight is moderately wounded.
Your plate armour prevents you from hitting the orc knight.
Your headbutt misses the orc knight.
The orc knight is moderately wounded.
The orc knight hits you with a bardiche!!
* * * LOW HITPOINT WARNING * * *
You slash the orc knight! You headbutt the orc knight!
The orc knight is heavily wounded.
You hit the orc knight.
The orc knight is severely wounded.
You slash the orc knight!
The orc knight is severely wounded.
The orc knight hits you with a bardiche!!
* * * LOW HITPOINT WARNING * * *
You barely miss the orc knight. You headbutt the orc knight!
The orc knight is almost dead.
You closely miss the orc knight.
The orc knight is almost dead.
The orc knight hits you with a bardiche!
You die...

#'#.#..
###.#.#.##...
########....(#.#..#
#.<..((()[.......#
########..)).#..##
#....(#.##
##.....#o#
#........#.#
#.....@)..#
#.....o..#.#
#........# ..
#######..# #. ...
.... #.... #....


You could see an orc knight and an orc wizard.

Vanquished Creatures
  A centaur warrior (D:11)
  2 two-headed ogres
  A cyclops (D:11)
  The ghost of darxusza the Skirmisher, a novice MiFi of Okawaru (D:6)
  A centaur skeleton (D:12)
  A merfolk (D:9)
  3 hippogriffs
  A wyvern (D:8)
  2 wraiths (D:7)
  2 hungry ghosts
  A steam dragon (D:9)
  A water moccasin (D:8)
  An orc warrior (D:10)
  2 ice beasts
  4 sky beasts
  A phantom (D:11)
  3 ogres
  A necrophage (D:7)
  2 centaurs
  An eye of draining (D:11)
  A crocodile (D:7)
  3 big kobolds
  An elf zombie (D:7)
  6 bullfrogs
  An elf skeleton (D:7)
  3 gnoll sergeants (D:9)
  4 scorpions
  A water moccasin skeleton (D:9)
  3 jellies
  10 killer bees
  4 howler monkeys
  A vampire bat (D:4)
  6 wights
  3 crimson imps
  A quasit (D:12)
  2 bullfrog zombies
  2 orc priests
  8 hounds
  3 gnoll shamans (D:9)
  4 human zombies (D:7)
  A bullfrog skeleton (D:3)
  A human skeleton (D:7)
  An iguana (D:5)
  9 worker ants
  9 orc wizards
  A killer bee zombie (D:8)
  2 hound zombies
  3 hound skeletons
  A mummy (D:7)
  Robin (D:4)
  A worker ant zombie (D:11)
  6 gnolls
  16 adders
  2 shadow imps
  2 adder skeletons
  5 worms
  2 dart slugs
  7 leopard geckos
  22 orcs
  2 ball pythons
  2 bat skeletons (D:4)
  4 bat zombies (D:4)
  5 giant cockroaches
  15 goblins
  23 hobgoblins
  7 jackals
  6 quokkas
  11 bats
  6 frilled lizards
  2 jackal skeletons
  23 kobolds
  7 rats
  A plant (D:9)
305 creatures vanquished.

Vanquished Creatures (collateral kills)
  A hippogriff (D:7)
  Duvessa (D:7)
  Dowan (D:7)
3 creatures vanquished.

Vanquished Creatures (others)
  2 plants (D:11)
2 creatures vanquished.

Grand Total: 310 creatures vanquished

Notes
Turn   | Place    | Note
-------+----------+-------------------------------------------
     0 | D:1      | mortelune the Minotaur Berserker began the quest for the Orb.
     0 | D:1      | Reached XP level 1. HP: 19/19 MP: 0/0
    23 | D:1      | Reached skill level 4 in Axes
    30 | D:1      | Reached XP level 2. HP: 14/27 MP: 1/1
   858 | D:1      | Reached XP level 3. HP: 16/33 MP: 2/2
  1167 | D:1      | Reached ** piety under Trog
  1912 | D:2      | Reached skill level 5 in Axes
  2087 | D:2      | Reached XP level 4. HP: 40/41 MP: 3/3
  2095 | D:2      | Reached skill level 5 in Fighting
  2821 | D:3      | Reached *** piety under Trog
  2821 | D:3      | Reached XP level 5. HP: 48/48 MP: 4/4
  3357 | D:4      | Reached skill level 6 in Axes
  3359 | D:4      | Noticed Robin
  3368 | D:4      | Killed Robin
  3460 | D:4      | Noticed an ogre
  3470 | D:4      | Killed an ogre
  3470 | D:4      | Reached XP level 6. HP: 43/58 MP: 5/5
  3676 | D:4      | Found a radiant altar of Vehumet.
  3707 | D:4      | Found a stormy altar of Qazlal.
  3710 | D:4      | Noticed a fire elemental
  3710 | D:4      | Noticed a water elemental
  3710 | D:4      | Noticed an air elemental
  3771 | D:4      | Found a glowing golden altar of the Shining One.
  3891 | D:4      | Reached **** piety under Trog
  3891 | D:4      | Reached skill level 7 in Axes
  4123 | D:4      | Found an ancient bone altar of Kikubaaqudgha.
  4332 | D:5      | Entered Level 5 of the Dungeon
  4357 | D:5      | Reached XP level 7. HP: 66/66 MP: 6/6
  4451 | D:5      | Found a staircase to the Ecumenical Temple.
  4665 | D:5      | Reached skill level 8 in Axes
  4703 | D:5      | Found a runed door.
  4715 | D:5      | Found a runed gate.
  4717 | D:5      | Found a runed gate.
  4717 | D:5      | Found a runed gate.
  5009 | D:5      | Found the +9 staff of Olgreb {rPois}
  5014 | D:5      | Found a runed door.
  5101 | D:5      | Found an ornate altar of the Wu Jian Council.
  5262 | D:5      | Found a shimmering altar of Xom.
  5360 | D:6      | Reached XP level 8. HP: 46/75 MP: 7/7
  5364 | D:6      | Reached skill level 9 in Axes
  5520 | D:6      | Noticed darxusza's ghost (novice MiFi)
  5535 | D:6      | Killed darxusza's ghost
  5814 | D:6      | Found an opulent altar of Gozag.
  5941 | D:6      | Reached skill level 10 in Axes
  6122 | D:7      | Reached skill level 10 in Fighting
  6258 | D:7      | Reached XP level 9. HP: 42/85 MP: 8/8
  6270 | D:7      | Gained mutation: Your spells are a little harder to cast, but a little more powerful. [mutagenic meat]
  6271 | D:7      | Gained mutation: You tend to lose your temper in combat. [mutagenic meat]
  6272 | D:7      | Gained mutation: You have a somewhat thin skeletal structure. (Dex +2, Stealth) [mutagenic meat]
  6576 | D:7      | Reached ***** piety under Trog
  6576 | D:7      | Reached skill level 11 in Axes
  6995 | D:7      | Reached skill level 5 in Armour
  7182 | D:7      | Found a basalt altar of Yredelemnul.
  7200 | D:7      | Reached skill level 12 in Axes
  7410 | D:7      | Found a shattered altar of Ashenzari.
  7410 | D:7      | Found a sacrificial altar of Ru.
  7411 | D:7      | Found an iron altar of Okawaru.
  7507 | D:7      | Noticed Dowan
  7509 | D:7      | Noticed Duvessa
  7513 | D:7      | Killed Duvessa
  7514 | D:7      | Killed Dowan
  7598 | D:7      | Found a shadowy altar of Dithmenos.
  7959 | D:8      | Reached XP level 10. HP: 94/94 MP: 9/9
  8011 | D:8      | Noticed a two-headed ogre
  8019 | D:8      | Killed a two-headed ogre
  8030 | D:8      | Reached skill level 13 in Axes
  8202 | D:8      | Received a gift from Trog
  9113 | D:9      | You fall through a shaft for 3 floors!
  9121 | D:12     | Reached skill level 14 in Axes
  9266 | D:11     | Found a shattered altar of Ashenzari.
  9286 | D:10     | Entered Level 10 of the Dungeon
  9621 | D:10     | Gained mutation: You have large cloven feet. [mutagenic meat]
  9675 | D:10     | Found a sacrificial altar of Ru.
  9826 | D:10     | Found a basalt altar of Yredelemnul.
 10097 | D:11     | Noticed a cyclops
 10103 | D:10     | Reached XP level 11. HP: 101/103 MP: 0/10
 10164 | D:11     | Noticed a two-headed ogre
 10188 | D:11     | Killed a two-headed ogre
 10289 | D:11     | Noticed a centaur warrior
 10289 | D:11     | Noticed an orc knight
 10298 | D:11     | Killed a centaur warrior
 10303 | D:11     | HP: 3/156 [orc knight/bardiche (19)]
 10305 | D:11     | Mangled by an orc knight

Vault maps used:
D:1:      erik_arrival_cave_to_civilisation
D:2:      serial_curves, eino_curves_02, eino_curves_03
D:4:      nicolae_qazlal_style_of_elements, kennysheep_vampire_church,
          vehumet_statue, nicolae_tso_swordbearing_angel, first_bread,
          corexii_corridor_pit, uniq_robin
D:5:      nicolae_overflow_crystal_walls, lemuel_coloured_pillars_altar,
          minmay_temple_entry_butterflies, minmay_guarded_unrand_staff_of_olgreb
D:6:      kennysheep_little_box
D:7:      nicolae_overflow_hidden_temple, basic_altar,
          lemuel_mausoleum_altar_yredelemnul, uniq_duvessa
D:9:      kennysheep_housing_project, hangedman_fish_farm
D:10:     basic_altar, nicolae_ru_path_of_blood
D:11:     minmay_the_grid_octo_triangle, dpeg_oklobed_lair, erik_orc_1,
          st_stairs_9, evilmike_ruin_ashenzari
D:12:     serial_glass, glass_columns_a, glass_columns_b, glass_columns_b,
          glass_columns_c, glass_columns_b, glass_columns_b,
          nicolae_benzene_ring

Skill      XL: |  1  2  3  4  5  6  7  8  9 10 11 |
---------------+----------------------------------+-----
Axes           | 4 5 6 7 8 10 12 14 | 14.8
Fighting       | 4 5 6 7 8 10 11 12 | 12.6
Armour         | 3 6 8 9 |  9.0
Dodging        | |  2.1

Action                   |  1- 3 |  4- 6 |  7- 9 | 10-12 || total
-------------------------+-------+-------+-------+-------++-------
Melee: Hand axe          |    81 |   139 |   264 |    60 ||   544
       Headbutt          |    11 |    28 |    62 |    52 ||   153
       Unarmed           |       |    12 |       |       ||    12
       Broad axe         |       |       |       |   169 ||   169
Invok: Berserk           |     1 |     1 |     4 |     2 ||     8
       Burn Spellbooks   |       |       |     1 |       ||     1
       Trog's Hand       |       |       |     1 |       ||     1
       Brothers in Arms  |       |       |     1 |       ||     1
  Use: Scroll            |       |     4 |     7 |     3 ||    14
 Stab: Distracted        |       |       |     1 |       ||     1
  Eat: Chunk             |     2 |     8 |     7 |    10 ||    27
       Royal jelly       |     1 |       |       |     1 ||     2
       Meat ration       |       |       |     2 |       ||     2
       Fruit             |       |       |     1 |     1 ||     2
Armor: Animal skin       |    19 |     4 |       |       ||    23
       Ring mail         |       |    30 |    74 |    21 ||   125
       Skin              |       |     1 |       |       ||     1
       Chain mail        |       |       |       |    75 ||    75
       Plate armour      |       |       |       |    23 ||    23
Dodge: Dodged            |    63 |   102 |   166 |   132 ||   463

Table legend:
 A = Spawn XP
 B = Non-spawn XP
 C = Spawn XP percentage of total XP
 D = Spawn monster count
 E = Non-spawn monster count
 F = Spawn count percentage of total count
 G = Total turns spent on level
                    A         B        C        D         E        F      G
               +---------+---------+-------+---------+---------+-------+---------
         Total |       0 |   14403 |   0.0 |       0 |     307 |   0.0 | 10305
               +---------+---------+-------+---------+---------+-------+---------
           D:1 |       0 |      57 |   0.0 |       0 |      31 |   0.0 |  1966
           D:2 |       0 |     127 |   0.0 |       0 |      29 |   0.0 |   729
           D:3 |       0 |      84 |   0.0 |       0 |      16 |   0.0 |   621
           D:4 |       0 |     400 |   0.0 |       0 |      35 |   0.0 |  1137
           D:5 |       0 |     606 |   0.0 |       0 |      19 |   0.0 |  1113
           D:6 |       0 |    1030 |   0.0 |       0 |      16 |   0.0 |   531
           D:7 |       0 |    2956 |   0.0 |       0 |      38 |   0.0 |  1797
           D:8 |       0 |    2793 |   0.0 |       0 |      35 |   0.0 |   711
           D:9 |       0 |    1837 |   0.0 |       0 |      47 |   0.0 |   732
          D:10 |       0 |     479 |   0.0 |       0 |      12 |   0.0 |   639
          D:11 |       0 |    3501 |   0.0 |       0 |      24 |   0.0 |   213
          D:12 |       0 |     533 |   0.0 |       0 |       5 |   0.0 |   116
               +---------+---------+-------+---------+---------+-------+---------
